 Dungeon Crawl Stone Soup version 0.28-a0-10-g964c8b829e (webtiles) character file.

Game seed: 17753308720824355194

1787 HAL9000 the Transmogrifier (level 8, -6/68 HPs)
             Began as a Grey Draconian Transmuter on July 25, 2021.
             Was an Initiate of Qazlal.
             Splashed by a centaur's acid (11 damage)
             ... on level 7 of the Dungeon.
             The game lasted 00:17:14 (8376 turns).

HAL9000 the Transmogrifier (DrTm)                   Turns: 8376, Time: 00:17:15

Health: -6/68      AC: 12    Str: 12    XL:     8   Next: 82%
Magic:  11/11      EV: 12    Int: 15    God:    Qazlal [......]
Gold:   300        SH:  5    Dex: 13    Spells: 2/11 levels left

rFire   + . .      SeeInvis .     - Unarmed
rCold   + . .      Faith    .   (no shield)
rNeg    . . .      Spirit   .   (armour unavailable)
rPois   .          Reflect  +   (helmet restricted)
rElec   .          Harm     .   q - scarf {rC+ rF+}
rCorr   .          Rampage  .   (no gloves)
Will    .....                   x - +0 pair of boots
Stlth   +.........              h - amulet of reflection
HPRegen 0.21/turn               (no ring)
MPRegen 0.12/turn               (no ring)

@: no status effects
A: AC +11, amphibious, unfitting armour, cold-blooded
a: Renounce Religion


You were on level 7 of the Dungeon.
You worshipped Qazlal.
Qazlal was noncommittal.
You visited 2 branches of the dungeon, and saw 8 of its levels.
You also visited: Sewer.

You collected 300 gold pieces.

Inventory:

Missiles
 f - 34 poisoned darts (quivered)
 s - a curare-tipped dart
Armour
 q - a scarf of resistance (worn)
 r - a +0 buckler
 x - a +0 pair of boots (worn)
Magical Staves
 p - a staff of earth
Jewellery
 h - an amulet of reflection (around neck)
 w - a ring of flight
Wands
 n - a wand of digging (7)
Scrolls
 a - 2 scrolls of blinking {unknown}
 d - a scroll of fear {unknown}
 g - 4 scrolls of teleportation {unknown}
 i - a scroll of enchant weapon {unknown}
 k - 2 scrolls of amnesia
 l - 4 scrolls of brand weapon
Potions
 b - 2 potions of haste
 c - a potion of mutation
 e - 2 potions of cancellation
 j - 3 potions of lignification
 m - a potion of brilliance
 o - a potion of might
 t - 3 potions of curing
 u - 3 potions of flight
 v - a potion of heal wounds


   Skills:
 - Level 5.0 Fighting
 - Level 1.7 Dodging
 - Level 7.2 Unarmed Combat
 - Level 2.0 Spellcasting
 - Level 8.1 Transmutations
 + Level 1.8 Earth Magic


You had 2 spell levels left.
You knew the following spells:

 Your Spells              Type           Power      Damage    Failure   Level
a - Beastly Appendage     Tmut           50%        N/A       1%          1
b - Wereblood             Tmut           25%        N/A       1%          2
c - Spider Form           Tmut/Pois      6%         N/A       13%         3
d - Stone Arrow           Conj/Erth      8%         3d7       43%         3

Your spell library contained the following spells:

 Spells                   Type           Power      Damage    Failure   Level
 Corona                   Hex            1%         N/A       22%         1
 Shock                    Conj/Air       4%         1d3       22%         1
 Summon Small Mammal      Summ           4%         N/A       22%         1
 Ensorcelled Hibernation  Hex/Ice        2%         N/A       32%         2
 Ice Form                 Ice/Tmut       13%        N/A       38%         4
 Call Canine Familiar     Summ           1%         N/A       54%         3
 Summon Guardian Golem    Hex/Summ       1%         N/A       54%         3
 Swiftness                Air            1%         N/A       54%         3
 Tukima's Dance           Hex            1%         N/A       54%         3
 Airstrike                Air            0%         N/A       91%         4
 Lehudib's Crystal Spear  Conj/Erth      2%         10d2      100%        8
 Animate Armour           Summ/Erth      Unusable   N/A       N/A         4

Dungeon Overview and Level Annotations

Branches:
Dungeon (7/15)             Temple (1/1) D:5           Sewer (visited)

Altars:
Ashenzari
Cheibriados
Dithmenos
Elyvilon
Fedhas
Gozag
Hepliaklqana
Makhleb
Nemelex Xobeh
Okawaru
Qazlal
Ru
Sif Muna
Trog
Uskayaw
Wu Jian
Xom
Yredelemnul
Zin
The Shining One

Shops:
D:1 ![[=   D:5 :


Innate Abilities, Weirdness & Mutations

Your dull iron-grey scales are very hard. (AC +11)
You are amphibious.
You cannot fit into any form of body armour.
You are cold-blooded and may be slowed by cold attacks.


Message History

Qazlal accepts your kill.
No target in view!
Casting: Stone Arrow (dangerous; 43% risk of failure)
Confirm with . or Enter, or press ? or * to list all spells.
Okay, then.
Your magical contamination has completely faded away.
Magic restored.
Found a trident.
k - 2 scrolls of amnesia (gained 1)
Found a dagger.
g - 4 scrolls labelled UPATHAHIUSS (gained 1)
You now have enough gold to buy the +2 ratskin cloak {*Rats rPois rN+ Str-1 Int-1 Dex+1} on D:1.
You can access your shopping list by pressing '$'.
You now have 281 gold pieces (gained 7).
You now have 291 gold pieces (gained 10).
Found a robe.
Found a plate armour.
n - a wand of digging (7) (gained 3 charges)
You see here a +0 robe.
Found a robe.
You now have 300 gold pieces (gained 9).
A centaur comes into view. It is carrying a wand of acid (5).
The centaur moves out of view.
Found a scroll labelled BATYQY SENAFA.
A centaur is nearby!
An ufetubus comes into view.
The centaur shouts!
The ufetubus shouts!
The centaur zaps a wand.
The bolt of acid hits you.
You are splashed with acid!
Found an escape hatch in the ceiling.
You see here a scroll labelled BATYQY SENAFA.
The centaur zaps a wand.
The bolt of acid hits you!!
You are splashed with acid!
* * * LOW HITPOINT WARNING * * *
You barely miss the centaur. The centaur barely misses you.
The centaur closely misses you.
The centaur zaps a wand.
The bolt of acid hits you!
* * * LOW HITPOINT WARNING * * *
You are splashed with acid!
You die...

#.......#
#.......#.#
####.####<# #..#
.# ##.# .# #.# .#
#######.###.######
#...[...##c5.....#
#........#@......#
#........#?......#
#........#..!....#
#........#.......#
########.....?...#
##.#.###### #.#.#
#.#.# #.#.#


You could see a centaur and an ufetubus.

Vanquished Creatures
  Prince Ribbit (D:5)
  Grinder (D:3)
  Eustachio (D:5)
  An ice beast (D:6)
  A necrophage (D:6)
  2 ogres (D:5)
  2 kobold brigands
  A wyvern skeleton (D:5)
  A howler monkey (D:6)
  2 bullfrog zombies
  A centaur zombie (D:5)
  2 hounds
  A jelly (D:4)
  A centaur skeleton (D:7)
  Jessica (D:2)
  2 iguanas
  Ijyb (D:3)
  Natasha (thrice) (D:2)
  A hound skeleton (D:5)
  A howler monkey zombie (D:6)
  Robin (D:4)
  3 gnolls (D:2)
  A howler monkey skeleton (D:5)
  2 river rats
  9 adders
  2 worms
  A dart slug (D:3)
  7 orcs
  6 ball pythons
  8 bats
  7 endoplasms
  5 giant cockroaches
  18 goblins
  8 hobgoblins
  10 jackals
  13 kobolds
  7 quokkas
  3 frilled lizards (D:1)
  7 rats
  A bush (D:2)
146 creatures vanquished.

Vanquished Creatures (others)
  2 plants (D:2)
2 creatures vanquished.

Grand Total: 148 creatures vanquished

Notes
Turn   | Place    | Note
-------+----------+-------------------------------------------
     0 | D:1      | HAL9000 the Draconian Transmuter began the quest for the
                  | Orb.
     0 | D:1      | Reached XP level 1. HP: 16/16 MP: 3/3
   223 | D:1      | Reached XP level 2. HP: 21/23 MP: 3/5
   250 | D:1      | Reached skill level 3 in Transmutations
   430 | D:1      | Learned a level 2 spell: Wereblood
   701 | D:1      | Found Gausoesi's Distillery.
   800 | D:1      | Found Edoefu's Armour Boutique.
   941 | D:1      | Found Siukhang's Armour Boutique.
  1076 | D:1      | Found Gentoih's Jewellery Shop.
  1176 | D:1      | Reached XP level 3. HP: 27/28 MP: 4/6
  1268 | D:1      | Learned a level 3 spell: Spider Form
  1367 | D:2      | Found a faded altar of an unknown god.
  1590 | D:2      | Reached skill level 4 in Transmutations
  1608 | D:2      | Reached XP level 4. HP: 16/35 MP: 5/7
  2069 | D:2      | Noticed Natasha
  2076 | D:2      | Killed Natasha
  2171 | D:2      | Noticed Jessica
  2180 | D:2      | Killed Jessica
  2181 | D:2      | Reached skill level 5 in Transmutations
  2481 | D:2      | Noticed Natasha
  2487 | D:2      | Killed Natasha
  2488 | D:2      | Reached XP level 5. HP: 31/40 MP: 4/8
  2833 | D:2      | Noticed Natasha
  3141 | D:2      | Killed Natasha
  3842 | D:3      | Noticed Grinder
  3863 | D:3      | Killed Grinder
  3864 | D:3      | Reached skill level 7 in Transmutations
  3864 | D:3      | Reached XP level 6. HP: 47/47 MP: 9/9
  3890 | D:3      | Noticed Ijyb
  3901 | D:3      | Killed Ijyb
  4339 | D:4      | Noticed Robin
  4538 | D:4      | Killed Robin
  5493 | D:5      | Entered Level 5 of the Dungeon
  5493 | D:5      | Noticed Eustachio
  5582 | D:5      | Your scales start taking on a dull iron-grey colour.
  5582 | D:5      | Reached XP level 7. HP: 50/52 MP: 6/10
  5680 | D:5      | Found a glowing drain.
  5686 | D:5      | Reached skill level 8 in Transmutations
  5714 | Sewer    | Entered a sewer
  5932 | Sewer    | Found a white marble altar of Elyvilon.
  5984 | D:5      | Found Nexeddi's Book Boutique.
  6302 | D:5      | Reached skill level 5 in Unarmed Combat
  6432 | D:5      | Killed Eustachio
  6433 | D:5      | Reached XP level 8. HP: 37/59 MP: 2/11
  6583 | D:5      | Noticed Prince Ribbit
  6591 | D:5      | Killed Prince Ribbit
  6943 | D:5      | Found a staircase to the Ecumenical Temple.
  7115 | Temple   | Entered the Ecumenical Temple
  7267 | Temple   | Became a worshipper of Qazlal Stormbringer
  7356 | D:6      | Found a basalt altar of Yredelemnul.
  7358 | D:6      | Found a hazy altar of Hepliaklqana.
  7358 | D:6      | Found a burning altar of Makhleb.
  7363 | D:6      | Found a broken altar of Ashenzari.
  7365 | D:6      | Found a shimmering altar of Xom.
  7365 | D:6      | Found a blossoming altar of Fedhas.
  7365 | D:6      | Found a bloodstained altar of Trog.
  7450 | D:6      | Found a sparkling altar of Nemelex Xobeh.
  7457 | D:6      | Found an ornate altar of the Wu Jian Council.
  7913 | D:6      | Reached skill level 5 in Fighting
  8021 | D:6      | Found a sparkling altar of Nemelex Xobeh.
  8199 | D:7      | Reached skill level 1 in Earth Magic
  8212 | D:7      | Learned a level 3 spell: Stone Arrow
  8376 | D:7      | Splashed by a centaur's acid

Illustrated notes

Levels and vault maps discovered:
D:1:      dpeg_arrival_castle, layout_loops_ring, serial_shops, shop,
          nicolae_shop_competitors_out_of_business, nicolae_shop_behind_doors,
          nicolae_shop_competitors_out_of_business, minmay_heptomino_l4
D:2:      layout_loops_ring, serial_forest, infiniplex_forest_corner_1,
          infiniplex_forest_corner_2, infiniplex_forest_clump_double,
          infiniplex_forest_corner_1, infiniplex_forest_end_2,
          hellmonk_ecumenical_altar_pennies_from_heaven, palyth_stone_intersect,
          uniq_jessica, uniq_natasha
D:3:      kennysheep_big_flooded_room, layout_basic, uniq_grinder, uniq_ijyb
D:4:      layout_rooms, minmay_goblin_outpost, uniq_robin
D:5:      layout_basic, temple_fountains, portal_sewer_entry_a, serial_shops,
          shop, kennysheep_generic_room_7, uniq_prince_ribbit1, uniq_eustachio
D:6:      layout_cave_pools, grunt_temple_overflow_open, serial_column_ruins,
          column_ruins_circle_small, column_ruins_square_large,
          column_ruins_open_small, column_ruins_open_small,
          column_ruins_open_small, column_ruins_grid_1,
          column_ruins_columns_straight, hangedman_feature_mirror
D:7:      layout_basic, mainiacjoe_overflow_surrounded_room, serial_shops,
          kennysheep_mini_moat
Temple:   minmay_temple_bridge_abc

Skill      XL: |  1  2  3  4  5  6  7  8 |
---------------+-------------------------+-----
Transmutations | 3 4 5 7 8 |  8.1
Unarmed Combat | 6 7 |  7.2
Fighting       | 5 |  5.0
Earth Magic    | 1 |  1.8
Dodging        | |  1.7
Spellcasting   | |  2.0

Action                   |  1- 3 |  4- 6 |  7- 9 || total
-------------------------+-------+-------+-------++-------
Melee: Unarmed           |   120 |   251 |   224 ||   595
       Kick              |    14 |    25 |    20 ||    59
       Tailslap          |     8 |    24 |    10 ||    42
       Headbutt          |    11 |    20 |    13 ||    44
       Punch             |     3 |     5 |     3 ||    11
Throw: Dart              |     3 |     2 |     1 ||     6
 Cast: Beastly Appendage |    19 |    18 |     7 ||    44
       Wereblood         |     1 |     1 |       ||     2
       Spider Form       |       |    10 |     9 ||    19
       Stone Arrow       |       |       |     1 ||     1
  Use: Scroll            |       |     6 |     3 ||     9
       Potion            |       |     1 |       ||     1
 Stab: Sleeping          |       |     1 |     1 ||     2
Armor: Skin              |    44 |    37 |    53 ||   134
Dodge: Dodged            |    72 |   106 |   152 ||   330
Block: Other             |     2 |    34 |    56 ||    92
       Reflection        |       |     3 |       ||     3

Table legend: (Time is in decaauts)
 A = Elapsed time spent in this place.
 B = Non-inter-level travel time spent in this place.
 C = Inter-level travel time spent in this place.
 D = Time resting spent in this place.
 E = Time spent auto-exploring this place.
 F = Levels seen in this place.
 G = Mean time per level.
                   A        B        C        D        E       F      G
               +--------+--------+--------+--------+--------+-----+--------+
         Total |   8347 |   8074 |    273 |   1950 |   4751 |   9 |  927.4 |
       Dungeon |   7922 |   7669 |    253 |   1914 |   4513 |   7 | 1131.7 |
        Temple |    172 |    152 |     20 |      0 |    110 |   1 |  172.0 |
         Sewer |    252 |    252 |      0 |     36 |    128 |   1 |  252.0 |
               +--------+--------+--------+--------+--------+-----+--------+

Top non-repeatable levels by time:
     D:1: 1769 daAuts
     D:2: 1762 daAuts
     D:5: 1368 daAuts
     D:4: 1008 daAuts
     D:3: 973 daAuts
     D:6: 833 daAuts
   Sewer: 252 daAuts
     D:7: 205 daAuts
  Temple: 172 daAuts
